 Dungeon Crawl Stone Soup version 0.21-a0-615-g8e08f28 (webtiles) character file.

38 Firecrotchwizard the Skirmisher (level 3, -4/29 HPs)
             Began as a Demonspawn Abyssal Knight on Dec 22, 2017.
             Was a Believer of Lugonu.
             Slain by Sigmund
             ... wielding a +0 scythe
              (9 damage)
             ... on level 2 of the Dungeon.
             The game lasted 00:02:32 (1417 turns).

Firecrotchwizard the Skirmisher (DsAK)              Turns: 1417, Time: 00:02:33

Health: -4/29      AC: 10    Str: 12    XL:     3   Next: 25%
Magic:  4/5        EV:  3    Int: 13    God:    Lugonu [**....]
Gold:   35         SH:  0    Dex: 13    Spells: 2/2 levels left

rFire    . . .     SeeInvis +   a - +1 falchion
rCold    . . .     Gourm    .   (no shield)
rNeg     . . .     Faith    .   j - +0 plate armour
rPois    .         Spirit   .   (helmet restricted)
rElec    .         Reflect  .   (no cloak)
rCorr    .         Harm     .   (no gloves)
MR       .....                  (no boots)
Stlth    ..........             (no amulet)
HPRegen  0.09/turn              g - ring of see invisible {sInv, !d}
MPRegen  0.09/turn              (no ring)

@: no status effects
A: horns 1, spiny 1
a: Depart the Abyss, Bend Space, Renounce Religion


You were on level 2 of the Dungeon.
You worshipped Lugonu.
Lugonu was pleased with you.
You were not hungry.

You visited 1 branch of the dungeon, and saw 2 of its levels.
You visited the Abyss 1 time.

You collected 35 gold pieces.

Inventory:

Hand Weapons
 a - a +1 falchion (weapon)
Armour
 b - a +0 leather armour
 e - a +0 ring mail
   (You found it on level 1 of the Dungeon)
 j - a +0 plate armour (worn)
   (You found it on level 1 of the Dungeon)
Jewellery
 g - a ring of see invisible (left hand) {sInv, !d}
   (You found it on level 2 of the Dungeon)
 i - an uncursed ring of see invisible {sInv, !d}
   (You found it on level 1 of the Dungeon)
Scrolls
 d - a scroll of teleportation {unknown}
 h - 2 scrolls of remove curse {unknown}
 k - a scroll of identify {unknown}
 n - a scroll of enchant armour {unknown}
Potions
 f - 2 potions of heal wounds {unknown}
 m - a potion of curing {unknown}
Comestibles
 c - 4 rations {@e1}
 l - 3 chunks of flesh {@w0}


   Skills:
 + Level 3.2 Fighting
 * Level 2.3 Long Blades
 + Level 2.1 Armour
 + Level 1.4 Dodging
 + Level 3.0 Invocations


You had 2 spell levels left.
You didn't know any spells.

Dungeon Overview and Level Annotations

Branches:
Dungeon (2/15)

Altars:

Annotations:
D:2 Sigmund


Innate Abilities, Weirdness & Mutations

You have a pair of small horns on your head.
You are partially covered in sharp spines.


Message History

You are poisoned.
The adder poisons you!
The rat bites you but does no damage. x2
The adder bites you but does no damage.
You take 2 damage, and have 22/24 hp.
You miss the adder. Your headbutt misses the adder.
You feel sick. The bat hits you but does no damage. The rat barely misses you.
You riposte.
You barely miss the rat. You headbutt the rat.
You kill the rat!
Lugonu accepts your kill. The rat bites you but does no damage.
The adder bites you. The bat hits you but does no damage.
The rat bites you but does no damage.
You take 5 damage, and have 17/24 hp.
MASSIVE DAMAGE!!
You hit the adder. You headbutt the adder.
You kill the adder!
Lugonu accepts your kill.
Your Invocations skill increases to level 3!
You have reached level 3!
Your experience leads to an increase in your attributes!
Increase (S)trength, (I)ntelligence, or (D)exterity?
You feel agile.
Your demonic ancestry asserts itself...
Sharp spines emerge from parts of your body.
You feel sick. The bat hits you but does no damage.
The rat is struck by your spines.
You kill the rat!
Lugonu accepts your kill.
You regained 2 hp, and now have 19/29 hp.
MP restored: 5 The bat is struck by your spines.
You kill the bat!
Lugonu accepts your kill.
No target in view!
You start resting.
You feel sick. x6
You are no longer poisoned.
You take 5 damage, and have 15/29 hp.
You start resting.
Some of the chunks of flesh in your inventory have rotted away.
All of the chunks of flesh in your inventory have rotted away.
You are feeling hungry.
You regained 11 hp, and now have 26/29 hp.
There is a stone staircase leading up here.
g - a ruby ring You now have 35 gold pieces (gained 13).
g - a ring of see invisible (left hand)
You may need something to eat soon, looking for food.
Can't find anything matching that.
Okay, then.
You butcher the rat corpse.
l - a chunk of flesh {@w0} You see here a rat skeleton. x2
Eating a chunk of flesh {@w0}.
You eat the chunk of flesh {@w0}.
You butcher the adder corpse.
l - a chunk of flesh {@w0} You see here an adder skeleton. x2
You butcher the frilled lizard corpse.
l - 2 chunks of flesh {@w0} (gained 1)
You see here a frilled lizard skeleton. x2
You butcher the bat corpse.
l - 3 chunks of flesh {@w0} (gained 1)
m - a lumpy grey potion
n - a scroll labeled LOTO QIOFU You see here a ring mail.
f - 2 viscous inky potions (gained 1)
A bat comes into view.
Health restored: 29 You miss the bat.
Your headbutt misses the bat. The bat is struck by your spines.
The bat barely misses you.
Sigmund shouts!
The bat hits you but does no damage. The bat hits you but does no damage.
The bat is struck by your spines.
You kill the bat!
Lugonu accepts your kill. Sigmund hits you with a scythe.
Found 5 gold pieces.
Found a stone staircase leading up.
You take 1 damage, and have 28/29 hp.
You hit Sigmund. Sigmund barely misses you.
You closely miss Sigmund.
Your plate armour prevents you from hitting Sigmund.
Sigmund is struck by your spines. Sigmund hits you with a scythe.
You take 6 damage, and have 22/29 hp.
MASSIVE DAMAGE!!
You slash Sigmund! Your headbutt misses Sigmund.
Sigmund hits you with a scythe! The kobold hits you but does no damage.
You take 8 damage, and have 14/29 hp.
MASSIVE DAMAGE!!
Space bends around you!
You blink.
Sigmund is struck by your spines. Sigmund hits you but does no damage.
You take 2 damage, and have 12/29 hp.
You now have 4/5 mp.
You closely miss Sigmund. The kobold is struck by your spines.
You kill the kobold!
Lugonu accepts your kill.
You closely miss Sigmund. You headbutt Sigmund. Sigmund hits you with a scythe!
* * * LOW HITPOINT WARNING * * *
You take 8 damage, and have 5/29 hp.
MASSIVE DAMAGE!!
Your plate armour prevents you from hitting Sigmund.
Sigmund is struck by your spines. Sigmund hits you with a scythe!
You die...

#..########
#..........
#...######. #
#...........#
###...#####...#
#.....#####..$#
#............<.
#......†@)......
#...##.#@.....#(#
.................
..........(.#.#(.
.......##.#.#...
##...## #.#.#. ..
... ..... #
#.#.## ..#@#
#...... #.#
.........


You could see Sigmund.

Vanquished Creatures
  An adder (D:2)
  A dart slug (D:1)
  2 goblins (D:1)
  2 hobgoblins (D:1)
  2 jackals (D:1)
  6 bats
  5 frilled lizards
  6 kobolds
  6 rats
31 creatures vanquished.

Notes
Turn   | Place    | Note
-------+----------+-------------------------------------------
     0 | Abyss:1  | Firecrotchwizard the Demonspawn Abyssal Knight began the quest for the Orb.
     0 | Abyss:1  | Reached XP level 1. HP: 18/18 MP: 2/2
    27 | D:1      | Escaped the Abyss
    51 | D:1      | HP: 4/18 [jackal (2)]
    53 | D:1      | Reached skill level 1 in Dodging
    57 | D:1      | HP: 1/18 [jackal (1)]
   619 | D:1      | Gained mutation: You have a pair of small horns on your head. [demonic ancestry]
   619 | D:1      | Reached XP level 2. HP: 24/24 MP: 4/4
   632 | D:1      | Reached skill level 2 in Long Blades
   632 | D:1      | Reached skill level 2 in Armour
   670 | D:1      | Reached ** piety under Lugonu
  1036 | D:2      | Noticed Sigmund
  1215 | D:2      | Reached skill level 3 in Invocations
  1215 | D:2      | Gained mutation: You are partially covered in sharp spines. [demonic ancestry]
  1215 | D:2      | Reached XP level 3. HP: 20/29 MP: 5/5
  1416 | D:2      | HP: 5/29 [Sigmund/scythe (8)]
  1417 | D:2      | Slain by Sigmund

Vault maps used:
D:1:      tarquinn_simple_flora_water_d
D:2:      uniq_sigmund

Skill      XL: |  1  2 |
---------------+-------+-----
Dodging        | 1 |  1.4
Long Blades    | 2 |  2.3
Armour         | 2 |  2.1
Invocations    | 3 |  3.0
Fighting       | |  3.2

Action                   || total
-------------------------++-------
Melee: Falchion          ||    91
       Headbutt          ||    13
Invok: Bend Space        ||     1
  Eat: Chunk             ||     2
Armor: Leather armour    ||    14
       Ring mail         ||    14
       Plate armour      ||    38
Dodge: Dodged            ||    53
       Rpst.: Falchion   ||    15

Table legend:
 A = Spawn XP
 B = Non-spawn XP
 C = Spawn XP percentage of total XP
 D = Spawn monster count
 E = Non-spawn monster count
 F = Spawn count percentage of total count
 G = Total turns spent on level
                    A         B        C        D         E        F      G
               +---------+---------+-------+---------+---------+-------+---------
         Total |       0 |      55 |   0.0 |       0 |      31 |   0.0 |  1417
               +---------+---------+-------+---------+---------+-------+---------
           D:1 |       0 |      33 |   0.0 |       0 |      22 |   0.0 |  1137
           D:2 |       0 |      22 |   0.0 |       0 |       9 |   0.0 |   253
               +---------+---------+-------+---------+---------+-------+---------

Vault maps used:
D:1:      tarquinn_simple_flora_water_d
D:2:      uniq_sigmund

Table legend:
 A = Turns spent in this place as a percentage of turns spent in the entire game.
 B = Non-inter-level travel turns spent in this place as a percentage of non-inter-level travel turns spent in the entire game.
 C = Inter-level travel turns spent in this place as a percentage of turns spent in this place.
 D = Turns resting spent in this place as a percentage of non-inter-level travel turns spent in this place.
 E = Turns spent auto-exploring this place as a percentage of non-inter-level travel turns spent in this place.
 F = Non-inter-level travel turns spent in this place divided by the number of levels of this place that you've seen.
                   A       B       C       D       E      F
               +-------+-------+-------+-------+-------+----------------------
         Total | 100.0 | 100.0 |   3.2 |  52.1 |  29.0 | 457.0
       Dungeon |  98.1 |  98.0 |   3.3 |  53.1 |  29.6 | 672.0
         Abyss |   1.9 |   2.0 |   0.0 |   0.0 |   0.0 |  27.0
               +-------+-------+-------+-------+-------+----------------------

Table legend:
 A = Kills in this place as a percentage of kills in entire the game.
 B = Kills by you in this place as a percentage of kills by you in the entire game.
 C = Kills by friends in this place as a percentage of kills by friends in the entire game.
 D = Other kills in this place as a percentage of other kills in the entire game.
 E = Experience gained in this place as a percentage of experience gained in the entire game.
 F = Experience gained in this place divided by the number of levels of this place that you have seen.
                   A       B       C       D       E      F
               +-------+-------+-------+-------+-------+----------------------
         Total | 100.0 | 100.0 |   N/A |   N/A | 100.0 |  18.3
       Dungeon | 100.0 | 100.0 |   N/A |   N/A | 100.0 |  27.5
               +-------+-------+-------+-------+-------+----------------------
